 Dungeon Crawl Stone Soup version 0.16.2-12-gd0ad4c3 (webtiles) character file.

24511 faibistes the Thaumaturge (level 12, -2/66 HPs)
             Began as a Deep Elf Wizard on Jan 7, 2018.
             Was the Champion of Sif Muna.
             Slain by a komodo dragon (28 damage)
             ... on level 2 of the Lair of Beasts.
             The game lasted 01:12:26 (20465 turns).

faibistes the Thaumaturge (Deep Elf Wizard)        Turns: 20465, Time: 01:12:27

Health: -2/66      AC:  9    Str:  4    XL:     12   Next: 81%
Magic:  35/35      EV: 16    Int: 31    God:    Sif Muna [******]
Gold:   801        SH:  0    Dex: 13    Spells: 8 memorised, 14 levels left

rFire  . . .     SeeInvis .     w - +1 dagger (venom)
rCold  . . .     Clarity  .     a - +0 robe
rNeg   . . .     SustAb   .     (no shield)
rPois  +         Gourm    .     F - +1 hat {MR+}
rElec  .         Spirit   .     H - +1 cloak
rCorr  .         Warding  .     T - +1 pair of gloves
rMut   .         Stasis   .     x - +1 pair of boots
MR     +++..                    B - amulet of regeneration
Stlth  ++........               E - ring of invisibility
                                t - ring of poison resistance

@: repel missiles, extremely resistant to hostile enchantments, unstealthy
A: clever 1, magic resistance 1
a: Channel Energy, Forget Spell, Renounce Religion, Evoke Invisibility


You were on level 2 of the Lair of Beasts.
You worshipped Sif Muna.
Sif Muna was exalted by your worship.
You were not hungry.

You visited 3 branches of the dungeon, and saw 17 of its levels.
You also visited: Bailey.

You collected 801 gold pieces.

Inventory:

Hand weapons
 f - a +0 dagger
 g - a +0 club
 q - a +0 dagger of speed
 w - a +1 dagger of venom (weapon)
Armour
 a - a +0 robe (worn)
 x - a +1 pair of boots (worn)
 F - a +1 hat of magic resistance (worn)
 H - a +1 cloak (worn)
 T - a +1 pair of gloves (worn)
Jewellery
 t - a ring of poison resistance (left hand)
 B - an amulet of regeneration (around neck)
 E - a ring of invisibility (right hand)
Magical devices
 p - a wand of flame (31)
 u - a wand of disintegration (1)
 C - a wand of teleportation (4)
 D - a wand of fireball (1)
 G - a wand of draining (3)
 I - a wand of flame (35)
 N - a wand of digging (15)
 O - a wand of slowing (24)
Scrolls
 i - 2 scrolls of blinking
 k - a scroll of immolation
 r - 4 scrolls of remove curse
 v - 3 scrolls of teleportation
 y - a scroll of fear
 P - a scroll of magic mapping
Potions
 e - 4 potions of might
 h - a potion of cancellation
 n - a potion of brilliance
 o - a potion of berserk rage
 s - 2 potions of ambrosia
 A - 3 potions of flight
 J - a potion of curing
 K - 3 potions of lignification
 L - 2 potions of resistance
 M - a potion of magic
 Q - a potion of mutation {unknown}
 R - a potion of agility
Comestibles
 c - a slice of pizza
 d - 6 bread rations
 j - 8 beef jerkies
 l - a royal jelly
 m - 4 chunks of flesh
 z - 3 meat rations


   Skills:
 + Level 4.1 Fighting
 + Level 8.3 Dodging
 - Level 2.4 Stealth
 * Level 12.8 Spellcasting
 * Level 9.1 Conjurations
 - Level 7.3 Charms
 - Level 4.5 Summonings
 + Level 5.9 Translocations
 * Level 9.1 Fire Magic
 - Level 4.6 Air Magic
 - Level 3.1 Poison Magic
 * Level 7.8 Invocations
 + Level 6.1 Evocations


You had 14 spell levels left.
You knew the following spells:

 Your Spells              Type           Power        Failure   Level  Hunger
a - Magic Dart            Conj           ####         1%          1    None
b - Conjure Flame         Conj/Fire      ######..     1%          3    None
c - Call Imp              Summ           #####...     1%          2    None
d - Blink                 Tloc           N/A          1%          2    None
e - Mephitic Cloud        Conj/Pois/Air  ######..     1%          3    None
f - Repel Missiles        Chrm/Air       ######       1%          2    None
x - Sticky Flame          Conj/Fire      ######..     1%          4    None
z - Fireball              Conj/Fire      ######....   1%          5    #......


Dungeon Overview and Level Annotations

Branches:
Dungeon (14/15)            Temple (1/1) D:4            Lair (2/8) D:11
    Orc: D:9-12      Vaults: D:13-14

Altars:
Ashenzari
Cheibriados
Dithmenos
Elyvilon
Fedhas
Gozag
Kikubaaqudgha
Makhleb
Nemelex Xobeh
Okawaru
Qazlal
Ru
Sif Muna
Trog
Vehumet
Xom
Yredelemnul
Zin
The Shining One

Shops:
D:7 (


Innate Abilities, Weirdness & Mutations

Your mind is acute. (Int +2)
You are resistant to hostile enchantments.


Message History

You feel sick. x7
You are no longer poisoned.
You start resting.
HP restored.
You start resting.
Magic restored.
You climb downwards.
A komodo dragon comes into view.
The spiny frog gives a loud, deep croak!
The hippogriff bites you but does no damage.
The hippogriff closely misses you. The hippogriff claws you.
The komodo dragon misses you.
The hippogriff bites you but does no damage.
The hippogriff pecks you. The hippogriff closely misses you.
The komodo dragon bites you!!
The komodo dragon hisses angrily.
There is a stone staircase leading up, spattered with blood here.
The hippogriff bites you. The hippogriff barely misses you.
The hippogriff claws you. The komodo dragon bites you!!
You die...

. . .... .. .....
#.. ...... ..#..
......# ....l.
.....
.....P#+P..##.#
..llF...........#
#...@.......#
##.Hl......##
##...#.#.## .....
# #....## .....#
.....## ..####


You could see 3 komodo dragons, a hippogriff, a spiny frog and a basilisk.

Vanquished Creatures
  Gastronok (D:8)
  A hydra (D:11)
  Urug (D:12)
  Nergalle (D:12)
  An unseen horror (D:11)
  Pikel (D:6)
  6 hill giants
  A manticore (D:11)
  An ugly thing (D:13)
  2 cyclopes
  A centaur zombie (D:13)
  Maurice (D:9)
  Psyche (D:9)
  A gargoyle (D:11)
  3 spiny frogs (Lair:1)
  4 komodo dragons
  A troll (D:10)
  Prince Ribbit (D:7)
  A basilisk (D:13)
  13 yaks
  A deep elf mage (D:11)
  3 wyverns (D:11)
  A wraith (D:11)
  6 hippogriffs
  Eustachio (D:5)
  A steam dragon (D:9)
  2 vampire mosquitoes (D:13)
  2 hungry ghosts
  Edmund (D:8)
  Menkaure (D:5)
  3 water moccasins
  9 orc warriors
  3 wasps
  2 sky beasts
  A phantom (D:4)
  3 black bears
  3 porcupines
  4 ogres
  2 eyes of draining
  Sigmund (D:5)
  5 centaurs
  3 big kobolds
  7 giant frogs
  7 crocodiles
  Blork the orc (D:6)
  2 scorpions (D:12)
  A water moccasin skeleton (D:10)
  5 killer bees
  4 wights (D:6)
  3 jellies
  Dowan (D:5)
  4 crimson imps
  2 giant frog zombies
  2 goliath beetles (D:9)
  13 hounds
  10 iguanas
  3 centaur skeletons
  A giant frog skeleton (D:6)
  7 orc priests
  11 orc wizards
  Natasha (twice) (D:5)
  10 worker ants
  4 sheep
  Ijyb (D:2)
  Jessica (D:2)
  A hound skeleton (D:8)
  10 gnolls
  3 shadow imps
  12 adders
  2 giant mites
  A worm (D:3)
  An adder skeleton (D:9)
  2 adder zombies
  6 giant geckos
  3 oozes
  65 orcs
  14 bats
  A giant cockroach (D:2)
  34 goblins
  32 hobgoblins
  9 quokkas
  4 ball pythons
  3 giant gecko skeletons
  2 giant newts
  44 kobolds
  16 rats
  14 ballistomycetes (D:9)
  A plant (Lair:2)
483 creatures vanquished.

Vanquished Creatures (collateral kills)
  Duvessa (D:5)
  An adder (D:3)
  Natasha (D:5)
3 creatures vanquished.

Vanquished Creatures (others)
  2 killer bees (D:12)
  A hound skeleton (D:6)
  A shadow imp (D:6)
  3 giant spores (D:9)
  A rat (D:6)
  A ballistomycete (D:9)
  2 plants (D:7)
11 creatures vanquished.

Grand Total: 497 creatures vanquished

Notes
Turn   | Place    | Note
--------------------------------------------------------------
     0 | D:1      | faibistes, the Deep Elf Wizard, began the quest for the Orb.
     0 | D:1      | Reached XP level 1. HP: 10/10 MP: 6/6
     2 | D:1      | Noticed a draconian
     2 | D:1      | Noticed a gargoyle
     4 | D:1      | Noticed an elf
     4 | D:1      | Noticed a merfolk
     6 | D:1      | Noticed a naga
     8 | D:1      | Noticed a minotaur
    10 | D:1      | Noticed a vampire
    12 | D:1      | Noticed a felid
    12 | D:1      | Noticed a spriggan
    14 | D:1      | Noticed a dwarf
    14 | D:1      | Noticed a demonspawn
    16 | D:1      | Noticed an ogre
    16 | D:1      | Noticed a troll
    18 | D:1      | Noticed a centaur
    18 | D:1      | Noticed a human
    20 | D:1      | Noticed an octopode
    22 | D:1      | Noticed a vine stalker
    24 | D:1      | Noticed a ghoul
    24 | D:1      | Noticed a tengu
    26 | D:1      | Noticed a demigod
    26 | D:1      | Noticed a formicid
   374 | D:1      | Reached XP level 2. HP: 15/15 MP: 6/9
   405 | D:1      | Learned a level 2 spell: Blink
   408 | D:1      | Learned a level 2 spell: Call Imp
  1024 | D:3      | Reached skill level 5 in Spellcasting
  1178 | D:2      | Reached XP level 3. HP: 19/19 MP: 11/14
  1183 | D:2      | Learned a level 3 spell: Conjure Flame
  1188 | D:2      | Learned a level 3 spell: Mephitic Cloud
  1568 | D:2      | Noticed Ijyb
  1632 | D:2      | Killed Ijyb
  1829 | D:2      | Noticed Jessica
  1844 | D:2      | Killed Jessica
  1844 | D:2      | Reached XP level 4. HP: 24/24 MP: 2/17
  1860 | D:2      | Learned a level 2 spell: Repel Missiles
  2498 | D:4      | Noticed a phantom
  2503 | D:3      | Reached skill level 6 in Spellcasting
  2712 | D:4      | Killed a phantom
  2712 | D:4      | Reached XP level 5. HP: 15/28 MP: 14/21
  2742 | D:4      | Gained mutation: Your mind is acute. (Int +2) [potion of beneficial mutation]
  2743 | D:4      | Gained mutation: You are resistant to hostile enchantments. [potion of beneficial mutation]
  2859 | D:5      | Entered Level 5 of the Dungeon
  3494 | D:3      | Reached XP level 6. HP: 32/32 MP: 20/22
  3754 | D:3      | Found a basalt altar of Yredelemnul.
  3754 | D:3      | Found an ancient bone altar of Kikubaaqudgha.
  3755 | D:3      | Found a glowing golden altar of the Shining One.
  3808 | D:3      | Found a sacrificial altar of Ru.
  3808 | D:3      | Found a blossoming altar of Fedhas.
  3942 | D:4      | Reached skill level 7 in Spellcasting
  4094 | D:4      | Found a staircase to the Ecumenical Temple.
  4100 | Temple   | Entered the Ecumenical Temple
  4283 | Temple   | Became a worshipper of Sif Muna the Loreminder
  4726 | D:6      | Reached skill level 1 in Fire Magic
  4726 | D:6      | Reached XP level 7. HP: 36/36 MP: 3/25
  4887 | D:6      | Noticed Menkaure
  4889 | D:6      | Noticed Blork the orc
  4899 | D:5      | Noticed Sigmund
  4905 | D:5      | Noticed an ogre
  4907 | D:5      | Noticed Eustachio
  4907 | D:5      | Noticed Dowan
  4907 | D:5      | Killed an ogre
  4907 | D:5      | Reached skill level 1 in Air Magic
  4907 | D:5      | Reached skill level 1 in Poison Magic
  4909 | D:5      | Noticed Duvessa
  4920 | D:5      | Noticed Natasha
  5036 | D:5      | Killed Natasha
  5137 | D:5      | Acquired Sif Muna's first power
  5289 | D:5      | Killed Sigmund
  5340 | D:5      | Found a bloodstained altar of Trog.
  5398 | D:5      | Noticed Natasha
  5400 | D:5      | Killed Natasha
  5537 | D:6      | Noticed Pikel
  5649 | D:5      | Noticed Natasha
  5655 | D:5      | Killed Duvessa
  5655 | D:5      | Reached skill level 8 in Spellcasting
  5660 | D:5      | Killed Natasha
  5675 | D:5      | Killed Eustachio
  5675 | D:5      | Reached skill level 5 in Dodging
  5675 | D:5      | Reached skill level 5 in Conjurations
  5675 | D:5      | Reached XP level 8. HP: 41/41 MP: 9/27
  5684 | D:5      | Killed Dowan
  6200 | D:5      | Noticed a centaur
  6201 | D:5      | Noticed a centaur
  6213 | D:5      | Killed a centaur
  6213 | D:5      | Acquired Sif Muna's second power
  6799 | D:6      | Killed Blork the orc
  6962 | D:5      | Killed Menkaure
  7039 | D:6      | Killed a centaur
  7114 | D:6      | Killed Pikel
  7114 | D:6      | Reached skill level 9 in Spellcasting
  7114 | D:6      | Reached XP level 9. HP: 41/45 MP: 10/29
  7592 | D:8      | Noticed Edmund
  7593 | D:8      | Reached skill level 1 in Invocations
  7609 | D:8      | Killed Edmund
  7820 | D:8      | Reached skill level 1 in Charms
  7820 | D:8      | Reached skill level 1 in Evocations
  7926 | D:8      | Noticed Gastronok
  7984 | D:8      | Found a flagged portal.
  8003 | Bailey   | Entered a bailey
  8249 | Bailey   | Reached skill level 1 in Fighting
  8348 | Bailey   | Acquired Sif Muna's third power
  9937 | D:7      | Reached XP level 10. HP: 52/52 MP: 24/31
 10017 | D:7      | Reached skill level 5 in Fire Magic
 10096 | D:7      | Noticed Prince Ribbit
 10402 | D:7      | Found Xaillos' Weapon Boutique.
 10426 | D:7      | Killed Prince Ribbit
 11727 | D:8      | Reached skill level 10 in Spellcasting
 12059 | D:8      | Killed Gastronok
 12775 | D:10     | Entered Level 10 of the Dungeon
 12830 | D:9      | Noticed Maurice
 12886 | D:9      | Reached skill level 5 in Invocations
 13064 | D:9      | Killed Maurice
 13064 | D:9      | Reached skill level 5 in Charms
 13122 | D:10     | Reached XP level 11. HP: 46/57 MP: 26/32
 13351 | D:9      | Noticed Psyche
 13449 | D:9      | Killed Psyche
 14745 | D:11     | Noticed a hill giant
 15533 | D:11     | Reached skill level 11 in Spellcasting
 16259 | D:12     | Noticed Urug
 16287 | D:12     | Killed Urug
 16414 | D:12     | Noticed Nergalle
 16422 | D:12     | Noticed a hill giant
 16428 | D:12     | Killed Nergalle
 16428 | D:12     | Received a gift from Sif Muna
 16429 | D:12     | Identified Sif Muna's Catalogue of Burning Conjuration (Sif Muna gifted it to you on level 12 of the Dungeon)
 16446 | D:13     | Learned a level 5 spell: Fireball
 16451 | D:13     | Learned a level 4 spell: Sticky Flame
 16879 | D:13     | Noticed a hill giant
 16886 | D:13     | Killed a hill giant
 16886 | D:13     | Reached skill level 5 in Translocations
 16886 | D:13     | Reached skill level 5 in Evocations
 17034 | D:13     | Noticed a hill giant
 17046 | D:13     | Killed a hill giant
 17269 | D:13     | Reached XP level 12. HP: 64/64 MP: 18/34
 17408 | D:12     | Killed a hill giant
 17700 | D:11     | Noticed a hill giant
 18153 | D:11     | Noticed a six-headed hydra
 18166 | D:11     | Killed a six-headed hydra
 18166 | D:11     | Reached skill level 12 in Spellcasting
 18263 | D:11     | Killed a hill giant
 18263 | D:11     | Killed a hill giant
 18589 | D:11     | Identified a scroll of acquirement
 18639 | D:11     | Found a staircase to the Lair.
 19177 | D:11     | Noticed an unseen horror
 19178 | D:11     | Killed an unseen horror
 19512 | Lair:1   | Entered Level 1 of the Lair of Beasts
 20465 | Lair:2   | Slain by a komodo dragon

Action                   |  1- 3 |  4- 6 |  7- 9 | 10-12 || total
-------------------------+-------+-------+-------+-------++-------
Melee: Club              |     4 |       |       |       ||     4
       Dagger            |     5 |    12 |    79 |   490 ||   586
 Cast: Magic Dart        |    76 |   161 |   380 |   481 ||  1098
       Call Imp          |     3 |       |     3 |       ||     6
       Mephitic Cloud    |     3 |     6 |    93 |    75 ||   177
       Conjure Flame     |     2 |     7 |     4 |    90 ||   103
       Blink             |       |     2 |     4 |    16 ||    22
       Repel Missiles    |       |     2 |     3 |     1 ||     6
       Sticky Flame      |       |       |       |    43 ||    43
       Fireball          |       |       |       |    78 ||    78
Invok: Channel Energy    |       |       |     9 |    31 ||    40
Evoke: Wand              |       |    14 |     2 |     3 ||    19
  Use: Scroll            |     6 |     8 |     8 |    10 ||    32
       Potion            |       |     2 |     4 |     1 ||     7
 Stab: Confused          |       |     1 |     9 |    10 ||    20
       Fleeing           |       |       |     1 |       ||     1
  Eat: Chunk             |     2 |     9 |    15 |    42 ||    68
       Beef jerky        |       |       |     1 |       ||     1
       Fruit             |       |       |     2 |     1 ||     3
